 Dungeon Crawl Stone Soup version 0.18.1-50-g88ac8fd (webtiles) character file.

338 alternate the Firebug (level 6, -4/50 HPs)
             Began as a Draconian Fire Elementalist on Apr 2, 2017.
             Slain by a yak (12 damage)
             ... on level 5 of the Dungeon.
             The game lasted 00:15:13 (4819 turns).

alternate the Firebug (Draconian Fire Elementalist) Turns: 4819, Time: 00:15:14

Health: -4/50      AC:  6    Str: 10    XL:     6   Next: 29%
Magic:  10/10      EV: 12    Int: 17    God:
Gold:   161        SH:  0    Dex: 12    Spells: 4 memorised, 2 levels left

rFire  . . .     SeeInvis .     q - +1 hunting sling (velocity)
rCold  . . .     Gourm    .     (armour unavailable)
rNeg   . . .     Faith    .     (no shield)
rPois  .         Spirit   .     (helmet restricted)
rElec  .         Dismiss  .     (no cloak)
rCorr  .         Reflect  .     (no gloves)
SustAt .         Harm     .     (no boots)
MR     .....                    (no amulet)
Stlth  ++........               (no ring)
                                (no ring)

@: very slightly contaminated, not resistant to hostile enchantments, unstealthy
A: unfitting armour, cold-blooded, AC +6
a: no special abilities


You were on level 5 of the Dungeon.
You were not hungry.

You visited 1 branch of the dungeon, and saw 5 of its levels.

You collected 161 gold pieces.

Inventory:

Hand Weapons
 e - a +0 dagger
 q - a +1 hunting sling of velocity (weapon)
 r - a +0 mace of protection
Magical Staves
 v - an uncursed staff of earth
Scrolls
 g - 2 scrolls of teleportation
 h - 3 scrolls of blinking
 k - a scroll of magic mapping {unknown}
 m - 2 scrolls of remove curse
Potions
 c - a potion of magic
 f - 2 potions of brilliance
 j - a potion of resistance {unknown}
 l - 2 potions of mutation
 n - a potion of beneficial mutation {unknown}
 o - a potion of curing {unknown}
 s - a potion of flight {unknown}
Books
 a - a book of Flames

   Spells                             Type                      Level
   a - Flame Tongue                   Conjuration/Fire             1
   b - Throw Flame                    Conjuration/Fire             2
   c - Conjure Flame                  Conjuration/Fire             3
   d - Inner Flame                    Hexes/Fire                   3
   e - Sticky Flame                   Conjuration/Fire             4
   f - Fireball                       Conjuration/Fire             5
Comestibles
 b - 3 bread rations
 d - 10 fruits
 i - 2 royal jellies
 p - 2 meat rations
 t - a slice of pizza


   Skills:
 + Level 2.5 Fighting
 + Level 2.5 Dodging
 + Level 2.7 Stealth
 + Level 3.0 Spellcasting
 + Level 2.4 Conjurations
 * Level 4.6 Fire Magic


You had 2 spell levels left.
You knew the following spells:

 Your Spells              Type           Power        Failure   Level  Hunger
a - Flame Tongue          Conj/Fire      ##...        4%          1    None
b - Throw Flame           Conj/Fire      ##....       10%         2    ##.....
c - Conjure Flame         Conj/Fire      ##......     14%         3    ###....
d - Inner Flame           Hex/Fire       ##......     21%         3    ###....


Dungeon Overview and Level Annotations

Branches:
Dungeon (5/15)
 Temple: D:4-7

Altars:

Annotations:
D:5 Menkaure


Innate Abilities, Weirdness & Mutations

Your plain brown scales are hard (AC +6).
Your body does not fit into most forms of armour.
You are cold-blooded and may be slowed by cold attacks.


Message History

Menkaure mumbles some strange words.
Menkaure seems to speed up.
Casting: Flame Tongue
Confirm with . or Enter, or press ? or * to list all spells.
Aiming: Flame Tongue
Press: ? - help, Shift-Dir - straight line, f/p - Menkaure
Aim: Menkaure (lightly damaged, fast)
You miscast Flame Tongue.
Nothing appears to happen.
The yak gores you!
Casting: Flame Tongue
Confirm with . or Enter, or press ? or * to list all spells.
Aiming: Flame Tongue
Press: ? - help, Shift-Dir - straight line, f/p - Menkaure
Aim: Menkaure (lightly damaged, fast)
The flame tongue hits Menkaure.
Menkaure is burned terribly!
Menkaure is moderately damaged.
Menkaure calls on the powers of darkness!
Your body is wracked with pain!
The yak convulses!
The yak gores you!
* * * LOW HITPOINT WARNING * * *
It was a potion of magic.
Magic courses through your body. The yak gores you!
You die...

#.#####
#...Y@#
#####M#
...
##...
....#
....#
....#
.....#


You could see a yak and Menkaure.

Vanquished Creatures
  An ogre (D:2)
  Terence (D:3)
  Robin (D:2)
  6 adders
  3 gnolls (D:3)
  2 oozes (D:1)
  3 worms
  4 dart slugs (D:1)
  A giant gecko (D:3)
  3 orcs (D:3)
  5 giant cockroaches
  15 hobgoblins
  7 jackals
  7 quokkas
  A ball python (D:3)
  7 bats
  4 giant newts
  14 goblins
  9 kobolds
  8 rats
102 creatures vanquished.

Notes
Turn   | Place    | Note
--------------------------------------------------------------
     0 | D:1      | alternate the Draconian Fire Elementalist began the quest for the Orb.
     0 | D:1      | Reached XP level 1. HP: 14/14 MP: 3/3
   312 | D:1      | Reached XP level 2. HP: 17/20 MP: 3/5
   317 | D:1      | Learned a level 2 spell: Throw Flame
  1075 | D:1      | Reached XP level 3. HP: 25/27 MP: 2/6
  1355 | D:1      | Learned a level 3 spell: Conjure Flame
  1797 | D:2      | Reached skill level 4 in Fire Magic
  1797 | D:2      | Reached XP level 4. HP: 34/34 MP: 5/7
  2263 | D:2      | Reached skill level 1 in Fighting
  2530 | D:2      | Noticed an ogre
  2600 | D:2      | Killed an ogre
  2600 | D:2      | Reached XP level 5. HP: 38/41 MP: 0/8
  2974 | D:3      | Noticed Robin
  3093 | D:2      | Killed Robin
  3139 | D:2      | Learned a level 3 spell: Inner Flame
  3503 | D:3      | Noticed Terence
  3557 | D:3      | Killed Terence
  3557 | D:3      | Reached XP level 6. HP: 50/50 MP: 0/10
  3977 | D:3      | Found a faded altar to an unknown god.
  4788 | D:4      | Noticed a yak
  4789 | D:4      | Noticed a yak
  4789 | D:4      | Noticed a yak
  4789 | D:4      | Noticed a yak
  4798 | D:4      | Noticed a yak
  4798 | D:4      | Noticed a yak
  4811 | D:5      | Entered Level 5 of the Dungeon
  4811 | D:5      | Noticed Menkaure
  4819 | D:5      | Slain by a yak

Skill      XL: |  1  2  3  4  5  6 |
---------------+-------------------+-----
Stealth        | 2 |  2.7
Fire Magic     | 4 |  4.6
Dodging        | 2 |  2.5
Fighting       | 1 2 |  2.5
Conjurations   | 2 |  2.4
Spellcasting   | 3 |  3.0

Action                   |  1- 3 |  4- 6 || total
-------------------------+-------+-------++-------
Melee: Unarmed           |    33 |       ||    33
       Tailslap          |     7 |     5 ||    12
       Dagger            |    10 |    69 ||    79
 Cast: Flame Tongue      |    61 |   137 ||   198
       Conjure Flame     |       |     3 ||     3
  Use: Scroll            |       |     5 ||     5
       Potion            |       |     1 ||     1
  Eat: Chunk             |     4 |    11 ||    15
Armor: Skin              |    16 |    30 ||    46
Dodge: Dodged            |    40 |    83 ||   123
